 Dungeon Crawl Stone Soup version 0.17-a0-1753-g75d4604 (webtiles) character file.

952 shakdrar the Covered (level 7, -1/63 HPs)
             Began as a Minotaur Fighter on Sept 2, 2015.
             Was a Follower of Trog.
             Succumbed to poison (a potion of poison)
             ... on level 6 of the Dungeon.
             The game lasted 00:15:21 (4346 turns).

shakdrar the Covered (Minotaur Fighter)             Turns: 4346, Time: 00:15:21

Health: -1/63      AC: 10    Str: 20    XL:     7   Next: 90%
Magic:  6/6        EV: 11    Int:  6    God:    Trog [*.....]
Gold:   318        SH:  6    Dex: 11    Spells: 0 memorised, 6 levels left

rFire  . . .     SeeInvis .     a - +1 war axe
rCold  . . .     Clarity  .     b - +0 scale mail
rNeg   + . .     SustAt   .     j - +1 buckler {rN+}
rPois  .         Gourm    .     (helmet restricted)
rElec  .         Spirit   .     (no cloak)
rCorr  .         Warding  .     (no gloves)
rMut   .         Stasis   .     i - +1 pair of boots
MR     .....                    (no amulet)
Stlth  ..........               (no ring)
                                (no ring)

@: lethally poisoned (-1 -> -20), exhausted, slowed, very slow, not resistant to
hostile enchantments, extremely unstealthy
A: retaliatory headbutt, horns 2
a: Burn Spellbooks, Berserk, Renounce Religion


You were on level 6 of the Dungeon.
You worshipped Trog.
Trog was aware of your devotion.
You were not hungry.

You visited 2 branches of the dungeon, and saw 7 of its levels.

You collected 318 gold pieces.

Inventory:

Hand weapons
 a - a +1 war axe (weapon)
Missiles
 s - 7 needles of sleeping
Armour
 b - a +0 scale mail (worn)
 c - a +0 shield
 i - a +1 pair of boots (worn)
 j - a +1 buckler of positive energy (worn)
Scrolls
 g - 10 scrolls of identify
 l - a scroll of enchant armour
 m - a scroll of recharging
 n - a scroll of enchant weapon
Potions
 d - a potion of might
 h - 2 potions of brilliance
Books
 k - a book of Power

   Spells                             Type                      Level
   a - Fulminant Prism                Conjuration/Hexes            4
   b - Iskenderun's Mystic Blast      Conjuration                  4
   c - Venom Bolt                     Conjuration/Poison           5
   d - Bolt of Magma                  Conjuration/Fire/Earth       5
   e - Iron Shot                      Conjuration/Earth            6
   f - Orb of Destruction             Conjuration                  7
   g - Spellforged Servitor           Conjuration/Summoning        7
   Trog disapproves of the use of such an item.
Comestibles
 e - 3 bread rations
 f - 4 fruits
 p - 2 slices of pizza
 q - a meat ration


   Skills:
 + Level 6.2 Fighting
 + Level 5.7 Axes
 + Level 6.6 Armour
 - Level 2.8 Dodging
 - Level 1.0 Stealth
 + Level 5.6 Shields


You had 6 spell levels left.
You didn't know any spells.

Dungeon Overview and Level Annotations

Branches:
Dungeon (6/15)             Temple (1/1) D:4

Altars:
Ashenzari
Cheibriados
Dithmenos
Elyvilon
Fedhas
Gozag
Kikubaaqudgha
Makhleb
Nemelex Xobeh
Okawaru
Qazlal
Ru
Sif Muna
Trog
Xom
Yredelemnul
Zin


Innate Abilities, Weirdness & Mutations

You reflexively headbutt those who attack you in melee.
You have a pair of horns on your head.


Message History

You feel sick.
Unknown command.
You are too berserk!
* * * LOW HITPOINT WARNING * * *
You feel sick.
You feel a strong urge to attack something.
* * * LOW HITPOINT WARNING * * *
You feel sick.
You are no longer berserk.
You are exhausted.
You feel yourself slow down.
There is a lethal amount of poison in your body!
Use which ability? (? or * to list)
Okay, then.
Drink which item? (? for menu, Esc to quit)
It was a potion of poison.
That liquid tasted very nasty...
You are more poisoned.
* * * LOW HITPOINT WARNING * * *
You feel very sick.
You die...

...............#.
..........#.....
#...###....#...
##..####...##..
##†...##.....#..
##........#.....#
##..†##..#.##...#.
##...####..#.......
#y ##.@[##
##..##.....
#...#....#
#.........
#........#
#.........
#.......##
#..###.#..
#......## ...##
###.. #.....##
....# ### #.?...
....# # #......
.#.. #......


There were no monsters in sight!

Vanquished Creatures
  2 ice beasts (D:5)
  A wyvern zombie (D:6)
  2 scorpions
  6 killer bees (D:6)
  Crazy Yiuf (D:2)
  A hound (D:5)
  3 worker ants (D:4)
  2 hound skeletons (D:6)
  4 gnolls (D:4)
  5 adders
  An ooze (D:1)
  3 worms (D:2)
  2 giant geckos
  3 orcs (D:3)
  7 giant cockroaches
  22 goblins
  7 hobgoblins
  12 jackals
  5 kobolds
  5 bats
  A giant newt (D:4)
  A quokka skeleton (D:5)
  8 rats
104 creatures vanquished.

Notes
Turn   | Place    | Note
--------------------------------------------------------------
     0 | D:1      | shakdrar the Minotaur Fighter began the quest for the Orb.
     0 | D:1      | Reached XP level 1. HP: 19/19 MP: 0/0
   280 | D:1      | Reached XP level 2. HP: 25/27 MP: 1/1
   395 | D:1      | Reached skill level 4 in Armour
   657 | D:2      | Reached XP level 3. HP: 30/33 MP: 2/2
  1078 | D:2      | Reached skill level 1 in Dodging
  1078 | D:2      | Reached XP level 4. HP: 33/41 MP: 3/3
  1186 | D:2      | Noticed Crazy Yiuf
  1190 | D:2      | Killed Crazy Yiuf
  1706 | D:3      | Reached XP level 5. HP: 47/47 MP: 4/4
  2227 | D:4      | Found a staircase to the Ecumenical Temple.
  2236 | Temple   | Entered the Ecumenical Temple
  2369 | Temple   | Became a worshipper of Trog the Wrathful
  2603 | D:4      | Reached skill level 5 in Fighting
  3103 | D:4      | Reached XP level 6. HP: 56/56 MP: 5/5
  3133 | D:5      | Entered Level 5 of the Dungeon
  3177 | D:5      | Reached skill level 5 in Armour
  3329 | D:5      | Reached skill level 1 in Stealth
  3329 | D:5      | Reached skill level 5 in Shields
  3459 | D:5      | Reached XP level 7. HP: 60/62 MP: 6/6
  3506 | D:5      | Found an iron altar of Okawaru.
  3509 | D:5      | Found a deep blue altar of Sif Muna.
  3512 | D:5      | Found a blossoming altar of Fedhas.
  3804 | D:5      | Acquired Trog's first power
  4045 | D:6      | Reached skill level 5 in Axes
  4336 | D:6      | Reached skill level 6 in Fighting
  4345 | D:6      | HP: 2/63 [poison (a potion of poison)]
  4346 | D:6      | Succumbed to poison (a potion of poison)

Vault maps used:
D:1:      dpeg_arrival_water_altar, minmay_misc_feat_rows, minmay_fountain_box
D:2:      minmay_door_path, uniq_crazy_yiuf_cottage
D:3:      kennysheep_the_goblin_king
D:4:      minmay_temple_entry_poolview, first_bread, dk_noncrumbling_2,
          minmay_distorted
D:5:      grunt_temple_overflow_diamond
D:6:      uniq_eustachio
Temple:   nicolae_temple_elliptical

Action                   |  1- 3 |  4- 6 |  7- 9 || total
-------------------------+-------+-------+-------++-------
Melee: War axe           |    79 |   133 |    35 ||   247
  Use: Scroll            |     2 |     6 |       ||     8
       Potion            |     2 |     2 |     3 ||     7
  Eat: Meat ration       |     1 |       |     1 ||     2
       Bread ration      |       |     1 |       ||     1
       Chunk             |       |       |     1 ||     1
